cohdb
Replays
Latest Replays
All Replays
Popular Replays
Top Player Replays
Match Explorer
How It Works
Community
CoH3 Stats
Reddit
Sign in to upload your games and track your stats! →
Sign in with Steam
Match 38750995
Unlisted
Match 38750995
Overview
Messages
Build Orders
End
Selects Italian Combined Arms Battlegroup
Selects Bersaglieri Squad
Bersaglieri Squad
Kradschützen Motorcycle Team
Bersaglieri Squad
Construct Light Support Kompanie
Bersaglieri Squad
Selects Bersaglieri Bolster
2.5-tonne Medical Truck
Fire Support Elements
Construct Mechanized Kompanie
Selects Breda Model 30 Light Machine Guns
8 Rad Armored Car
Marder III Tank Destroyer
Vehicle Survival Package
Emergency Repair Kits
Selects Semovente da 75/18 Assault Gun
Panzerjäger Mechanized Group
Selects Carro Armato M13/40 Light Tank
Selects Pact of Steel
Carro Armato M13/40 Light Tank
88-939-16-Delta
JHH
blyat:-(
XIAO_OvO
Danver
silentbreacher
∞ | BoCuoi
PurePinoy
0
0
Comments
sign in to comment!
No comments posted yet!